 Dungeon Crawl Stone Soup version 0.19.0-11-g3fc08b3 (webtiles) character file.

699 UnbalancedOne the Chopper (level 7, -4/63 HPs)
             Began as a Minotaur Berserker on Nov 9, 2016.
             Was a Believer of Trog.
             Slain by an ogre
             ... wielding a +0 giant spiked club
              (16 damage)
             ... while paralysed by Grinder
             ... on level 4 of the Dungeon.
             The game lasted 01:07:23 (4728 turns).

UnbalancedOne the Chopper (Minotaur Berserker)      Turns: 4728, Time: 01:07:23

Health: -4/63      AC:  2    Str: 24    XL:     7   Next: 38%
Magic:  6/6        EV:  2    Int:  4    God:    Trog [**....]
Gold:   242        SH:  0    Dex:  9    Spells: 0 memorised, 6 levels left

rFire  . . .     SeeInvis .     t - +0 war axe
rCold  + + .     Gourm    .     b - +0 animal skin
rNeg   . . .     Faith    .     (no shield)
rPois  .         Spirit   .     (helmet restricted)
rElec  .         Reflect  .     (no cloak)
rCorr  .         Harm     .     (no gloves)
MR     .....                    (no boots)
Stlth  +.........               (no amulet)
                                v - ring of protection from cold
                                u - ring of protection from cold

@: paralysed
A: retaliatory headbutt, horns 2
a: Berserk, Trog's Hand, Burn Spellbooks, Renounce Religion


You were on level 4 of the Dungeon.
You worshipped Trog.
Trog was pleased with you.
You were not hungry.

You visited 2 branches of the dungeon, and saw 5 of its levels.

You collected 242 gold pieces.

Inventory:

Hand Weapons
 a - a +0 hand axe
 t - a +0 war axe (weapon)
Missiles
 d - 25 sling bullets
Armour
 b - a +0 animal skin (worn)
Jewellery
 o - an uncursed ring of fire
 u - a ring of protection from cold (left hand)
 v - a ring of protection from cold (right hand)
Wands
 l - a wand of heal wounds (0/9)
Scrolls
 e - a scroll of teleportation
 i - a scroll of blinking
 r - a scroll of amnesia
Potions
 g - 2 potions of agility {unknown}
 h - a potion of might {unknown}
 j - 3 potions of curing
 n - a potion of resistance {unknown}
 q - a potion of invisibility {unknown}
 s - a potion of flight {unknown}
Comestibles
 c - 4 bread rations
 f - 2 meat rations
 k - 2 beef jerkies
 m - 2 chunks of flesh
 p - 3 fruits


   Skills:
 + Level 6.3 Fighting
 * Level 7.9 Axes
 + Level 5.0 Armour
 - Level 2.1 Dodging


You had 6 spell levels left.
You didn't know any spells.

Dungeon Overview and Level Annotations

Branches:
Dungeon (4/15)             Temple (1/1) D:4

Altars:
Ashenzari
Okawaru
Vehumet

Annotations:
D:3 Mitch's ghost, amateur DDFi
D:4 Grinder


Innate Abilities, Weirdness & Mutations

You reflexively headbutt those who attack you in melee.
You have a pair of horns on your head.


Message History

Grinder hits you.
* * * LOW HITPOINT WARNING * * *
You writhe in agony.
* * * LOW HITPOINT WARNING * * *
You are too injured to fight recklessly!
You are too injured to fight recklessly!
You barely miss Grinder.
Grinder is almost dead.
Grinder blinks!
Grinder blinks!
Grinder says, "You look like you could use a good racking."
Grinder gestures at you. Pain shoots through your body!
* * * LOW HITPOINT WARNING * * *
Grinder blinks!
Grinder gestures at you.
You suddenly lose the ability to move!
Grinder says, "Just stop there for a second..."
The ogre hits you with a giant spiked club!
You die...

##..8..### ###.#...###.......
####.O.##.######...............##
...#..###...##.....##..........#
......# ###......####..........#
......####..##§### #..........#
...............# ##..........##
.......>...#...# ##.............
....#.###..###5####..#.........##
...##.####.....O@..............##
#####..# #..##...##..#.....>...##
,,,,##.# ##..###.................
.,,,*#.# ##...................#.
....##.#####[.............)......
...........[[.>.......#..÷....###
.....#.##############.#......####
.....#.#** ********####....####.
###.,...,* **,,,,,,** #.......##


You could see Grinder and an ogre.

Vanquished Creatures
  A phantom (D:4)
  An ogre (D:4)
  4 wights (D:4)
  2 orc priests (D:3)
  2 orc wizards
  2 worker ants
  4 gnolls (D:4)
  5 adders
  An ooze (D:3)
  An adder skeleton (D:4)
  3 worms
  2 leopard geckos
  9 orcs
  2 giant cockroaches
  8 goblins
  10 hobgoblins
  6 jackals
  4 kobolds
  2 quokkas (D:3)
  3 ball pythons
  9 bats
  4 frilled lizards
  A leopard gecko skeleton (D:4)
  A leopard gecko zombie (D:4)
  9 rats
  A plant (D:3)
97 creatures vanquished.

Notes
Turn   | Place    | Note
-------+----------+-------------------------------------------
     0 | D:1      | UnbalancedOne the Minotaur Berserker began the quest for the Orb.
     0 | D:1      | Reached XP level 1. HP: 19/19 MP: 0/0
   452 | D:1      | Reached XP level 2. HP: 27/27 MP: 1/1
   464 | D:1      | Reached skill level 4 in Axes
   913 | D:2      | Reached XP level 3. HP: 28/33 MP: 2/2
  1712 | D:2      | Reached ** piety under Trog
  2038 | D:3      | Reached XP level 4. HP: 27/41 MP: 3/3
  2039 | D:3      | Reached skill level 5 in Axes
  2293 | D:3      | Found an iron altar of Okawaru.
  2345 | D:3      | Reached skill level 5 in Fighting
  2345 | D:3      | Reached XP level 5. HP: 45/48 MP: 4/4
  2663 | D:3      | Noticed Mitch's ghost (amateur DDFi)
  3470 | D:4      | Reached skill level 6 in Axes
  3625 | D:4      | Found a staircase to the Ecumenical Temple.
  3636 | Temple   | Entered the Ecumenical Temple
  3671 | D:4      | Reached XP level 6. HP: 45/56 MP: 5/5
  3821 | D:4      | Reached skill level 7 in Axes
  4106 | D:4      | Reached XP level 7. HP: 63/63 MP: 6/6
  4369 | D:4      | Found a shattered altar of Ashenzari.
  4545 | D:4      | Reached skill level 5 in Armour
  4675 | D:4      | Noticed Grinder
  4688 | D:4      | Paralysed by Grinder for 5 turns
  4726 | D:4      | Paralysed by Grinder for 3 turns
  4728 | D:4      | Slain by an ogre

Skill      XL: |  1  2  3  4  5  6  7 |
---------------+----------------------+-----
Axes           | 4 5 6 7 |  7.9
Fighting       | 4 5 6 |  6.3
Armour         | 3 4 5 |  5.0
Dodging        | |  2.1

Action                   |  1- 3 |  4- 6 |  7- 9 || total
-------------------------+-------+-------+-------++-------
Melee: Hand axe          |    81 |   152 |    15 ||   248
       Headbutt          |     7 |    31 |     4 ||    42
       War axe           |       |       |    28 ||    28
Invok: Trog's Hand       |     1 |     2 |     1 ||     4
       Berserk           |       |     2 |       ||     2
Evoke: Wand              |     1 |     1 |       ||     2
  Use: Scroll            |     2 |     1 |     4 ||     7
  Eat: Chunk             |     3 |     7 |     2 ||    12
       Pizza             |       |     1 |     1 ||     2
Armor: Animal skin       |    17 |    20 |     3 ||    40
Dodge: Dodged            |    58 |    66 |    23 ||   147
